 Dungeon Crawl Stone Soup version 0.30.0 (webtiles) character file.

Game seed: 9820084297841793682

630 Savior361 the Chopper (level 7, -1/52 HPs)
             Began as a Mummy Fighter on May 6, 2023.
             Slain by Palms's ghost (5 damage)
             ... on level 4 of the Dungeon.
             The game lasted 00:04:41 (3514 turns).

Savior361 the Chopper (Mummy Fighter)               Turns: 3514, Time: 00:04:42

Health: -1/52      AC: 12    Str: 20    XL:     7   Next: 24%
Magic:  7/7        EV: 10    Int:  7    God:
Gold:   288        SH:  4    Dex: 13    Spells: 6/6 levels left

rFire   x . .        a - +0 war axe
rCold   + . .        c - +0 buckler
rNeg    + + +        h - +1 ring mail {rPois}
rPois   ∞            d - +1 helmet
rElec   .            (no cloak)
rCorr   .            (no gloves)
SInv    .            (no boots)
Will    .....        (no amulet)
Stlth   +            i - +4 ring of protection
HPRegen 0.28/turn    (no ring)
MPRegen 0.10/turn

%: faith
@: no status effects
A: cold resistance 1, negative energy resistance 3, torment resistance 2, heat
vulnerability 1, in touch with death 1, no potions, faith
a: no special abilities


You were on level 4 of the Dungeon.
You visited 2 branches of the dungeon, and saw 5 of its levels.

You collected 288 gold pieces.

Inventory:

Hand Weapons
 a - a +0 war axe (weapon)
Armour
 b - a +0 scale mail
 c - a +0 buckler (worn)
 d - a +1 helmet (worn)
 h - a +1 ring mail of poison resistance (worn)
Jewellery
 i - a +4 ring of protection (left hand)
 j - a ring of magical power
Scrolls
 e - a scroll of fog {unknown}
 f - a scroll of butterflies
 g - a scroll of immolation
 k - a scroll of teleportation
 l - 2 scrolls of poison
 m - a scroll of magic mapping
 n - a scroll of identify


   Skills:
 - Level 3.0 Fighting
 + Level 6.8 Axes
 - Level 2.4 Armour
 - Level 2.4 Shields


You had 6 spell levels left.
You didn't know any spells.
Your spell library contained the following spells:

 Spells                   Type           Power      Damage    Failure   Level
 Volatile Blastmotes      Fire/Tloc      0%         2d10      96%         3
 Fulminant Prism          Conj/Hex       0%         3d5       100%        4
 Iskenderun's Mystic Bla  Conj/Tloc      0%         2d3       100%        4
 Lee's Rapid Deconstruct  Erth           0%         3d4*      100%        5


Dungeon Overview and Level Annotations

Branches:
Dungeon (4/15)             Temple (1/1) D:4

Altars:
Dithmenos
Makhleb
Nemelex Xobeh
Sif Muna
Uskayaw
Vehumet
Wu Jian
Xom
Yredelemnul

Shops:
D:4 (

Annotations:
D:4 Palms's ghost, amateur TrGl


Innate Abilities, Weirdness & Mutations

You are immune to poison.
Your flesh is cold resistant. (rC+)
You are immune to negative energy. (rN+++)
You are immune to unholy pain and torment.
You are vulnerable to heat. (rF-)
You are in touch with the powers of death.
You do not drink.
You have a special connection with the divine. (Faith)


Message History

You block Palms's ghost's attack.
You hit Palms's ghost but do no damage.
Palms's ghost is moderately damaged.
Palms's ghost barely misses you. You block Palms's ghost's attack.
You hit Palms's ghost.
Palms's ghost is moderately damaged.
You block Palms's ghost's attack.
You closely miss Palms's ghost.
Palms's ghost is moderately damaged.
Palms's ghost hits you but does no damage.
You barely miss Palms's ghost.
Palms's ghost is moderately damaged.
Palms's ghost hits you but does no damage.
You slash Palms's ghost!
Palms's ghost is severely damaged.
Palms's ghost hits you. x2
You barely miss Palms's ghost.
Palms's ghost is severely damaged.
Palms's ghost hits you!
You hit Palms's ghost.
Palms's ghost is severely damaged.
Palms's ghost hits you!
You hit Palms's ghost but do no damage.
Palms's ghost is severely damaged.
Palms's ghost hits you!
You barely miss Palms's ghost.
Palms's ghost is severely damaged.
Palms's ghost hits you but does no damage.
You hit Palms's ghost.
Palms's ghost is severely damaged.
Palms's ghost closely misses you. Palms's ghost hits you.
* * * LOW HITPOINT WARNING * * *
You closely miss Palms's ghost.
Palms's ghost is severely damaged.
Palms's ghost hits you!
* * * LOW HITPOINT WARNING * * *
You slash Palms's ghost!
Palms's ghost is almost destroyed.
Palms's ghost hits you.
You die...

#.##.............#.#.#.###.#
#.........######..###......#
####.......## #.#.#.#.#####
##...###...## #.##.##.#
##...##⌠##...###.......#
#...##...##...###.#.#### ###
#..##..!..##..###.#.#######..
#..#⌠..♣...W..#..........##.#
#..##..?..##@.#.#...........#
#...##...##...#.#...##.)PP..#
#....##⌠##......#...##.P>PP##
#.....###...###.#......PP..#
##.........## #............#
#.##.....## #.####.#.....#
#.######## #.# ##.##.#.# #)#
#.# #....#.## #.# #.#
#.####...


You could see Palms's ghost.

Vanquished Creatures
  Sigmund (D:4)
  Eustachio (D:4)
  3 orc wizards
  Natasha (thrice) (D:2)
  Robin (D:3)
  3 gnolls (D:3)
  3 adders
  3 dart slugs
  5 orcs
  6 bats
  4 endoplasms
  A giant cockroach (D:3)
  20 goblins
  7 hobgoblins
  6 jackals (D:3)
  A quokka (D:2)
  12 ball pythons
  3 frilled lizards
  5 kobolds
  7 rats
95 creatures vanquished.

Vanquished Creatures (others)
  4 plants (D:4)
4 creatures vanquished.

Grand Total: 99 creatures vanquished

Notes
Turn   | Place    | Note
-------+----------+-------------------------------------------
     0 | D:1      | Savior361 the Mummy Fighter began the quest for the Orb.
     0 | D:1      | Reached XP level 1. HP: 18/18 MP: 1/1
   184 | D:1      | Reached skill level 2 in Axes
   245 | D:1      | Reached XP level 2. HP: 24/24 MP: 2/2
   962 | D:2      | Noticed Natasha
   968 | D:2      | Killed Natasha
   969 | D:2      | Reached skill level 3 in Axes
   969 | D:2      | Gained mutation: You are in touch with the powers of death.
                  | [Mummy growth]
   969 | D:2      | Reached XP level 3. HP: 25/29 MP: 3/3
  1004 | D:2      | Found a shadowy altar of Dithmenos.
  1065 | D:2      | Reached XP level 4. HP: 35/35 MP: 4/4
  1135 | D:2      | Noticed Natasha
  1142 | D:2      | Killed Natasha
  1191 | D:2      | Noticed Natasha
  1203 | D:2      | Killed Natasha
  1204 | D:2      | Reached skill level 4 in Axes
  1794 | D:3      | Reached XP level 5. HP: 39/41 MP: 5/5
  1837 | D:3      | Noticed Robin
  1857 | D:3      | Killed Robin
  2216 | D:3      | Reached skill level 5 in Axes
  2407 | D:4      | Noticed Sigmund
  2535 | D:4      | Noticed Eustachio
  2568 | D:4      | Killed Eustachio
  2569 | D:4      | Reached XP level 6. HP: 20/47 MP: 6/6
  2763 | D:4      | Noticed Palms's ghost (amateur TrGl)
  2767 | D:4      | Found a runed translucent door.
  2798 | D:4      | Killed Sigmund
  2799 | D:4      | Reached skill level 6 in Axes
  2799 | D:4      | Reached XP level 7. HP: 31/52 MP: 7/7
  2932 | D:4      | Found a staircase to the Ecumenical Temple.
  2981 | D:4      | Found Annaonnuzi's Weapon Emporium.
  3309 | Temple   | Entered the Ecumenical Temple
  3514 | D:4      | Slain by Palms's ghost

Illustrated notes

Levels and vault maps discovered:
D:1:      giann_horns, layout_basic
D:2:      layout_basic, basic_altar, uniq_natasha
D:3:      kennysheep_goblin_castle, layout_loops_cross
D:4:      layout_loops_ring, minmay_temple_entry_overgrown, serial_shops,
          nicolae_shop_back_alley_shop, hellmonk_ghost_happy_afterlife,
          uniq_sigmund, uniq_eustachio
Temple:   hellmonk_temple_rainy

Skill      XL: |  1  2  3  4  5  6 |
---------------+-------------------+-----
Axes           | 2 3 4 5 6 |  6.8
Fighting       | |  3.0
Armour         | |  2.4
Shields        | |  2.4

Action                     |  1- 3 |  4- 6 |  7- 9 || total
---------------------------+-------+-------+-------++-------
  Melee: War axe           |    78 |   159 |    44 ||   281
    Use: Scroll            |     4 |     7 |       ||    11
 Armour: Scale mail        |    12 |       |       ||    12
         Ring mail         |    29 |   123 |    22 ||   174
  Dodge: Dodged            |    57 |   118 |    12 ||   187
  Block: Buckler           |    18 |    35 |     5 ||    58
